 Dungeon Crawl Stone Soup version 0.30-a0-715-gdb4ae3ece1 (webtiles) character file.

Game seed: 6461138882975455186

106358 Newt the Bludgeoner (level 15, -8/120 HPs)
             Began as a Demonspawn Gladiator on Jan 24, 2023.
             Was an Initiate of Gozag.
             Mangled by a wolf spider (17 damage)
             ... on level 4 of the Spider Nest.
             The game lasted 00:30:38 (22682 turns).

Newt the Bludgeoner (Demonspawn Gladiator)         Turns: 22682, Time: 00:30:38

Health: -8/120     AC: 25    Str: 30    XL:     15   Next: 97%
Magic:  15/15      EV: 23    Int:  7    God:    Gozag
Gold:   1718       SH: 18    Dex: 19    Spells: 14/14 levels left

rFire   . . .      SeeInvis .    R - +9 morningstar (heavy)
rCold   . . .      Faith    .    b - +6 buckler of Zamixal {Dex+5}
rNeg    + . .      Spirit   .    N - +5 scale mail
rPois   +          Reflect  +    c - +1 helmet
rElec   +          Harm     .    C - +2 cloak of the Stars {Str+7 Int-4 Dex-4 Slay+4}
rCorr   .          Rampage  .    s - +1 pair of gloves of Docwam {rElec rN+ Str+3 Dex+3}
Will    ++...                    (boots unavailable)
Stlth   +                        W - amulet of reflection
HPRegen 0.40/turn                x - ring of poison resistance
MPRegen 0.14/turn                m - ring of the Hare {EV+10}

@: gold aura, studying Polearms
A: hooves 3, molten scales 2, foul stench 3, demonic magic 2, strong-willed 1
a: Renounce Religion, Potion Petition, Call Merchant, Bribe Branch


You were on level 4 of the Spider Nest.
You worshipped Gozag.
Gozag was most pleased with you.
You visited 5 branches of the dungeon, and saw 24 of its levels.
You visited 1 bazaar.
You also visited: Sewer.

You collected 8807 gold pieces.
You spent 4474 gold pieces at shops.
You paid 2615 gold pieces to Gozag.

Inventory:

Hand Weapons
 j - a +2 flail of venom
 H - a +2 whip of electrocution
 R - a +9 heavy morningstar (weapon)
 Z - a +5 whip of electrocution
Missiles
 d - 4 throwing nets (quivered)
 F - 9 javelins
Armour
 b - the +6 buckler of Zamixal (worn) {Dex+5}
   (You found it on level 12 of the Dungeon)

   Dex:       It affects your dexterity (+5).
 c - a +1 helmet (worn)
 k - +0 fire dragon scales
 p - a +0 troll leather armour
 s - the +1 pair of gloves of Docwam (worn) {rElec rN+ Str+3 Dex+3}
   (You found it on level 3 of the Dungeon)

   Str:       It affects your strength (+3).
   Dex:       It affects your dexterity (+3).
   rElec:     It insulates you from electricity.
   rN:        It protects you from negative energy.
 C - the +2 cloak of the Stars (worn) {Str+7 Int-4 Dex-4 Slay+4}
   (You bought it in a shop on level 4 of the Dungeon)

   Str:       It affects your strength (+7).
   Int:       It affects your intelligence (-4).
   Dex:       It affects your dexterity (-4).
   Slay:      It affects your accuracy & damage with ranged weapons and melee
   (+4).
 D - a +1 ring mail of cold resistance
 N - a +5 scale mail (worn)
Jewellery
 e - a +6 ring of strength
 h - a ring of see invisible
 l - a +6 ring of strength
 m - the ring of the Hare (right hand) {EV+10}
   (You bought it in a shop on level 2 of the Orcish Mines)

   [ring of evasion]

   EV:        It affects your evasion (+10).
 t - an amulet of regeneration
 x - a ring of poison resistance (left hand)
 Q - a ring of protection from cold
 U - a ring of protection from cold
 W - an amulet of reflection (around neck)
Wands
 w - a wand of flame (38)
 y - a wand of acid (22)
 E - a wand of polymorph (25)
 O - a wand of iceblast (10)
 V - a wand of paralysis (1)
Scrolls
 v - 5 scrolls of fog
 z - 6 scrolls of blinking
 G - a scroll of enchant weapon
 I - 4 scrolls of teleportation
 K - 2 scrolls of amnesia
 L - a scroll of enchant armour
 P - 3 scrolls of fear
 T - a scroll of summoning {unknown}
 X - 2 scrolls of magic mapping
 Y - 4 scrolls of identify
Potions
 a - a potion of invisibility
 f - 10 potions of heal wounds
 g - a potion of flight
 n - 8 potions of attraction
 o - 9 potions of brilliance
 q - 3 potions of berserk rage
 r - 6 potions of lignification
 u - 15 potions of curing
 A - a potion of ambrosia
 B - 2 potions of might
 J - 2 potions of cancellation
 S - 3 potions of haste


   Skills:
 - Level 12.0 Fighting
 - Level 2.6 Short Blades
 - Level 17.0 Maces & Flails
 * Level 8.8 Throwing
 - Level 10.0 Armour
 - Level 5.0 Dodging
 - Level 2.0 Stealth
 - Level 10.0 Shields
 + Level 6.4 Evocations


You had 14 spell levels left.
You didn't know any spells.
Your spell library contained the following spells:

 Spells                   Type           Power      Damage    Failure   Level
 Beastly Appendage        Tmut           0%         N/A       71%         1
 Freeze                   Ice            0%         1d3       71%         1
 Sandblast                Erth           0%         2d4       71%         1
 Blink                    Tloc           0%         N/A       83%         2
 Cigotuvi's Dreadful Rot  Necr/Pois/Air  0%         N/A       83%         2
 Lesser Beckoning         Tloc           0%         N/A       83%         2
 Momentum Strike          Conj/Tloc      0%         3d8       83%         2
 Passwall                 Tmut/Erth      0%         N/A       83%         2
 Sublimation of Blood     Necr           0%         N/A       83%         2
 Wereblood                Tmut           0%         N/A       83%         2
 Frozen Ramparts          Ice            0%         1d1       97%         3
 Hailstorm                Conj/Ice       0%         3d3       97%         3
 Ignite Poison            Fire/Tmut/Pois 0%         N/A       97%         3
 Kindle Blastsparks       Fire/Tloc/Air  0%         2d10      97%         3
 Portal Projectile        Hex/Tloc       0%         N/A       97%         3
 Spider Form              Tmut/Pois      0%         N/A       97%         3
 Stone Arrow              Conj/Erth      0%         3d7       97%         3
 Summon Guardian Golem    Hex/Summ       0%         N/A       97%         3
 Tukima's Dance           Hex            0%         N/A       97%         3
 Dispel Undead            Necr           0%         3d6       100%        4
 Petrify                  Tmut/Erth      0%         N/A       100%        4
 Blade Hands              Tmut           0%         N/A       100%        5
 Freezing Cloud           Conj/Ice/Air   0%         6-21      100%        5
 Irradiate                Conj/Tmut      0%         3d11      100%        5
 Death Channel            Necr           0%         N/A       100%        6
 Orb of Destruction       Conj           0%         9d5       100%        7
 Spellforged Servitor     Conj/Summ      0%         N/A       100%        7


Dungeon Overview and Level Annotations

Branches:
Dungeon (12/15)            Temple (0/1) D:5            Lair (5/5) D:10
 Shoals (0/4) Lair:2       Spider (4/4) Lair:2        Slime (1/5) Lair:4
    Orc (2/2) D:12            Elf (0/3) Orc:2         Sewer (visited)

Altars:
Cheibriados
Dithmenos
Fedhas
Gozag
Hepliaklqana
Kikubaaqudgha
Sif Muna
Uskayaw
Vehumet
Wu Jian
Xom
Jiyva

Shops:
D:3 !*(   D:4 [:((*   D:8 (   D:10 (   D:11 [(   Orc:2 =***   Lair:5 *

Annotations:
D:4 2 transporters, ctx's ghost, amateur GnEE


Innate Abilities, Weirdness & Mutations

You have hooves in place of feet.
You are mostly covered in molten scales. (AC +3)
You frequently emit foul miasma when damaged in melee.
Spells you cast may paralyse nearby enemies.
You are strong-willed. (Will+)


Message History

The orb spider weaves a glowing orb of energy.
An orb of destruction comes into view.
You closely miss the demonic crawler.
The demonic crawler is severely wounded.
The orb spider's many legs skitter faintly.
You hear a skittering sound.
You block the wolf spider's attack. x2; The culicivora completely misses you.
You block the demonic crawler's attack. The demonic crawler barely misses you.
The demonic crawler completely misses you.
The culicivora bites you!
The culicivora draws strength from your injuries!
The wolf spider closely misses you. The wolf spider completely misses you.
The culicivora completely misses you. The demonic crawler closely misses you.
The demonic crawler hits you!
You emit a cloud of foul miasma!
The demonic crawler hits you but does no damage.
You spit the demonic crawler like a pig!!!
You kill the demonic crawler!
The wolf spider barely misses you. The wolf spider closely misses you.
You block the culicivora's attack.
A wolf spider comes into view.
The wolf spider hits you but does no damage.
The wolf spider closely misses you. The culicivora barely misses you.
You closely miss the wolf spider. You kick the wolf spider!
The wolf spider is lightly wounded.
The wolf spider is healed somewhat.
The wolf spider's wounds heal themselves!
The culicivora closely misses you. You block the wolf spider's attack.
The wolf spider bites you! You block the wolf spider's attack.
The wolf spider misses you. The culicivora misses you.
The orb of destruction hits you!!!
Ouch! That really hurt!
* * * LOW HITPOINT WARNING * * *
You block the culicivora's attack. x2
You block the wolf spider's attack. x2; The wolf spider hits you!
* * * LOW HITPOINT WARNING * * *
The wolf spider completely misses you.
The culicivora bites you but does no damage.
You block the culicivora's attack. The wolf spider hits you!
You die...
Your body crumbles into a pile of gold.

## ..##########
.ss^...^^.^
..^.......##
.°.......#
..##s°....# #
......°°s#..##
#.....s@s^^..#
$
....^#○ss.#^...
... #^.s..... .
# ...^.....#..
$ #.^###......
##. ......: #
....... ...#..#


You could see 3 wolf spiders, 2 orb spiders and 4 culicivoras.

Vanquished Creatures
  A storm dragon (D:11)
  Donald (Spider:3)
  2 ghost moths (Spider:3)
  An orc warlord (Orc:1)
  2 broodmothers (Spider:3)
  A dire elephant (Lair:4)
  An ettin (Orc:1)
  Snorg (Lair:5)
  2 fire dragons (Lair:5)
  A yaktaur captain (D:11)
  5 hydras
  3 entropy weavers
  Fannar (Orc:1)
  An ice dragon (D:11)
  2 catoblepae
  2 jorogumos
  A death knight (D:11)
  3 boulder beetles
  3 two-headed ogres
  3 orc high priests (Orc:2)
  8 death yaks
  The ghost of Nabski the Arsonist, a journeyman TeFE of Dithmenos (D:12)
  Nergalle (Orc:1)
  A skeletal warrior (D:11)
  A sun moth (Spider:3)
  6 pharaoh ants
  6 orb spiders
  A swamp dragon (Lair:5)
  6 steelbarb worms
  A lindwurm (Lair:5)
  4 orc knights (Orc:2)
  A deep elf pyromancer (D:11)
  4 orc sorcerers (Orc:2)
  2 ugly things
  8 wolf spiders
  A manticore (Lair:2)
  15 elephants
  5 black mambas
  6 demonic crawlers
  9 torpor snails
  A kobold demonologist (D:11)
  6 cane toads
  4 unseen horrors
  6 komodo dragons
  A rime drake (Lair:5)
  2 polar bears (Lair:2)
  3 meliai (Spider:1)
  4 tyrant leeches (Lair:5)
  19 tarantellas
  6 trolls
  A wind drake (Lair:2)
  Grinder (D:3)
  7 hornets (Lair:5)
  14 blink frogs
  2 dream sheep (Lair:5)
  15 jumping spiders
  2 slime creatures (D:11)
  3 shadows
  3 wyverns
  12 culicivoras
  A vampire (D:12)
  4 wraiths
  46 yaks
  3 basilisks
  2 fire bats (Lair:4)
  6 steam dragons
  32 redbacks
  6 vampire mosquitoes
  7 wargs
  3 acid dragons
  14 water moccasins
  2 swamp drakes (Lair:5)
  21 orc warriors
  2 black bears
  An ice beast (D:5)
  18 wolves
  9 centaurs
  5 ogres
  2 phantoms
  3 bullfrogs
  A necrophage (D:5)
  4 kobold brigands
  3 gnoll sergeants
  A scorpion (D:4)
  9 killer bees
  6 howler monkeys
  2 electric eels (Lair:4)
  3 lava snakes (Lair:4)
  3 hounds
  18 orc priests
  Ijyb (D:5)
  4 hell rats (Lair:1)
  8 iguanas
  21 orc wizards
  Robin (D:2)
  24 gnolls
  11 adders
  A river rat (Sewer)
  3 shadow imps
  2 white imps
  3 ufetubi
  4 worms
  2 dart slugs
  58 orcs
  5 bats
  6 endoplasms
  4 giant cockroaches
  18 hobgoblins
  5 jackals
  6 quokkas
  5 ball pythons
  3 frilled lizards
  10 goblins
  22 kobolds
  11 rats
711 creatures vanquished.

Vanquished Creatures (others)
  An orc (Orc:1)
  25 fungi
  32 plants
58 creatures vanquished.

Grand Total: 769 creatures vanquished

Notes
Turn   | Place    | Note
-------+----------+-------------------------------------------
     0 | D:1      | Newt the Demonspawn Gladiator began the quest for the Orb.
     0 | D:1      | Reached XP level 1. HP: 16/16 MP: 1/1
    51 | D:1      | Reached skill level 1 in Stealth
   376 | D:1      | Gained mutation: You are partially covered in molten
                  | scales. (AC +2) [demonic ancestry]
   376 | D:1      | Reached XP level 2. HP: 22/22 MP: 2/2
   768 | D:1      | Gained mutation: Spells you cast may paralyse adjacent
                  | enemies. [demonic ancestry]
   768 | D:1      | Reached XP level 3. HP: 28/28 MP: 3/3
  1108 | D:2      | Noticed Robin
  1122 | D:2      | Killed Robin
  1219 | D:2      | Gained mutation: You may rarely emit foul miasma when
                  | damaged in melee. [demonic ancestry]
  1219 | D:2      | Reached XP level 4. HP: 37/37 MP: 4/4
  1249 | D:2      | Found an opulent altar of Gozag.
  1281 | D:2      | Became a worshipper of Gozag Ym Sagoz the Greedy
  1816 | D:3      | Noticed Grinder
  1829 | D:3      | Paralysed by Grinder for 4 turns
  1834 | D:3      | Killed Grinder
  1835 | D:3      | Reached skill level 3 in Maces & Flails
  1835 | D:3      | Gained mutation: You have large cloven feet. [demonic
                  | ancestry]
  1835 | D:3      | Reached XP level 5. HP: 42/42 MP: 5/5
  1835 | D:3      | Gained mutation: You are mostly covered in molten scales.
                  | (AC +3) [demonic ancestry]
  1835 | D:3      | Reached XP level 6. HP: 48/48 MP: 6/6
  1958 | D:3      | Identified the +1 pair of gloves of Docwam {rElec rN+ Str+3
                  | Dex+3}
  2079 | D:3      | Reached skill level 4 in Maces & Flails
  2092 | D:3      | Reached skill level 1 in Armour
  2358 | D:3      | Found a blossoming altar of Fedhas.
  2360 | D:3      | Found a radiant altar of Vehumet.
  2445 | D:3      | Found Qidagu's Weapon Boutique.
  2462 | D:3      | Found Losom's Assorted Antiques.
  2472 | D:3      | Bought 2 lumpy yellow potions for 46 gold pieces
  2472 | D:3      | Bought a metallic orange potion for 23 gold pieces
  2472 | D:3      | Bought a scroll of identify for 52 gold pieces
  2861 | D:3      | Found Piqyocuy's Distillery.
  2864 | D:3      | Bought a potion of curing for 36 gold pieces
  2864 | D:3      | Bought a potion of ambrosia for 96 gold pieces
  2989 | D:3      | Found a shimmering blue altar of Sif Muna.
  3277 | D:4      | Gained mutation: You have hoof-like feet. [demonic
                  | ancestry]
  3277 | D:4      | Reached XP level 7. HP: 53/54 MP: 7/7
  3297 | D:4      | Found Ummaow's General Store.
  3318 | D:4      | Found Giupu's Antique Weapon Shop.
  3347 | D:4      | Found a transporter.
  3347 | D:4      | Noticed ctx's ghost (amateur GnEE)
  3361 | D:4      | Found a snail-covered altar of Cheibriados.
  3487 | D:4      | Found a transporter.
  3528 | D:4      | Found Gaasunn's Antique Armour Emporium.
  3538 | D:4      | Bought a translucent cloak for 190 gold pieces
  3538 | D:4      | Identified the +2 cloak of the Stars {Str+7 Int-4 Dex-4
                  | Slay+4} (You bought it in a shop on level 4 of the Dungeon)
  3682 | D:4      | Found Yteojuzu's Book Shoppe.
  3788 | D:4      | Found Pisyma's Antique Weapon Boutique.
  3983 | D:5      | Entered Level 5 of the Dungeon
  3991 | D:5      | Reached skill level 5 in Maces & Flails
  4007 | D:5      | Found a staircase to the Ecumenical Temple.
  4078 | D:5      | Noticed Ijyb
  4123 | D:5      | Reached skill level 6 in Maces & Flails
  4148 | D:5      | Reached XP level 8. HP: 60/60 MP: 8/8
  4164 | D:5      | Killed Ijyb
  4310 | D:5      | Reached skill level 7 in Maces & Flails
  4531 | D:6      | Reached skill level 8 in Maces & Flails
  4650 | D:6      | Found a glowing drain.
  4661 | Sewer    | Entered a sewer
  5398 | D:7      | Reached skill level 5 in Dodging
  5398 | D:7      | Gained mutation: You sometimes emit foul miasma when
                  | damaged in melee. [demonic ancestry]
  5398 | D:7      | Reached XP level 9. HP: 65/65 MP: 9/9
  5483 | D:7      | Found an ancient bone altar of Kikubaaqudgha.
  5573 | D:7      | Reached skill level 5 in Fighting
  6264 | D:8      | Found Zejitoce's Weapon Shoppe.
  6272 | D:8      | Bought a +6 morningstar of flaming for 470 gold pieces
  6316 | D:8      | Found a shadowy altar of Dithmenos.
  6372 | D:8      | Found a hide-covered altar of Uskayaw.
  6502 | D:9      | Found a hazy altar of Hepliaklqana.
  6736 | D:9      | Found an ornate altar of the Wu Jian Council.
  6753 | D:9      | Reached skill level 9 in Maces & Flails
  7026 | D:9      | Reached XP level 10. HP: 66/80 MP: 10/10
  7270 | D:10     | Entered Level 10 of the Dungeon
  7399 | D:10     | Found a staircase to the Lair.
  7415 | D:10     | Reached skill level 10 in Maces & Flails
  7563 | D:10     | Found Plog's Antique Weapon Emporium.
  7573 | D:10     | Bought a glowing whip for 148 gold pieces
  7701 | D:10     | Reached skill level 11 in Maces & Flails
  8091 | Lair:1   | Entered Level 1 of the Lair of Beasts
  8123 | Lair:1   | Noticed a boulder beetle
  8140 | Lair:1   | Killed a boulder beetle
  8219 | Lair:1   | Noticed a cane toad
  8231 | Lair:1   | Killed a cane toad
  8372 | Lair:1   | Noticed a catoblepas
  8387 | Lair:1   | Reached skill level 12 in Maces & Flails
  8387 | Lair:1   | Reached skill level 1 in Shields
  8388 | Lair:1   | Killed a catoblepas
  8389 | Lair:1   | Gained mutation: You frequently emit foul miasma when
                  | damaged in melee. [demonic ancestry]
  8389 | Lair:1   | Reached XP level 11. HP: 75/86 MP: 11/11
  8864 | Lair:2   | Reached skill level 5 in Shields
  9107 | Lair:2   | Found a staircase to the Shoals.
  9160 | Lair:2   | Found a hole to the Spider Nest.
  9922 | Lair:3   | Noticed a four-headed hydra
  9929 | Lair:3   | Killed a four-headed hydra
  9965 | Lair:3   | Reached XP level 12. HP: 92/92 MP: 12/12
 10140 | Lair:3   | Reached skill level 10 in Shields
 10310 | Lair:3   | Noticed a six-headed hydra
 10313 | Lair:3   | Killed a six-headed hydra
 10314 | Lair:3   | Reached skill level 5 in Armour
 10376 | Lair:3   | Noticed a five-headed hydra
 10392 | Lair:3   | Killed a five-headed hydra
 10448 | Lair:3   | Noticed a seven-headed hydra
 10453 | Lair:3   | Killed a seven-headed hydra
 10836 | Lair:4   | Noticed a catoblepas
 10843 | Lair:4   | Killed a catoblepas
 10844 | Lair:4   | Identified the +2 robe of the True Pharaoh {Str+5}
 10915 | Lair:4   | Found a viscous altar of Jiyva.
 10933 | Lair:4   | Found a staircase to the Slime Pits.
 11237 | Lair:4   | Gained mutation: You are frail. (-10% HP) [potion of
                  | mutation]
 11237 | Lair:4   | Gained mutation: Your body sometimes deteriorates upon
                  | taking damage. [potion of mutation]
 11238 | Lair:4   | Lost mutation: You are frail. (-10% HP) [potion of
                  | mutation]
 11238 | Lair:4   | Lost mutation: Your body sometimes deteriorates upon taking
                  | damage. [potion of mutation]
 11238 | Lair:4   | Gained mutation: Your magical capacity is low. (-10% MP)
                  | [potion of mutation]
 11238 | Lair:4   | Gained mutation: You have a pair of small antennae on your
                  | head. [potion of mutation]
 11238 | Lair:4   | Gained mutation: You passively map a small area around you.
                  | [potion of mutation]
 11239 | Lair:4   | Lost mutation: Your magical capacity is low. (-10% MP)
                  | [potion of mutation]
 11239 | Lair:4   | Lost mutation: You have a pair of small antennae on your
                  | head. [potion of mutation]
 11239 | Lair:4   | Lost mutation: You passively map a small area around you.
                  | [potion of mutation]
 11239 | Lair:4   | Gained mutation: You occasionally lose the ability to drink
                  | potions when taking damage. [potion of mutation]
 11239 | Lair:4   | Gained mutation: Your mind is acute. (Int +4, Str/Dex -1)
                  | [potion of mutation]
 11240 | Lair:4   | Lost mutation: Your mind is acute. (Int +4, Str/Dex -1)
                  | [potion of mutation]
 11240 | Lair:4   | Lost mutation: You occasionally lose the ability to drink
                  | potions when taking damage. [potion of mutation]
 11240 | Lair:4   | Gained mutation: You are strong-willed. (Will+) [potion of
                  | mutation]
 11261 | Lair:4   | Found a shimmering altar of Xom.
 11745 | Lair:5   | Entered Level 5 of the Lair of Beasts
 11747 | Lair:5   | Noticed a death yak
 11748 | Lair:5   | Noticed a death yak
 11750 | Lair:5   | Noticed Snorg
 11751 | Lair:5   | Noticed a death yak
 11765 | Lair:4   | Killed a death yak
 11766 | Lair:4   | Killed a death yak
 11767 | Lair:4   | Reached skill level 10 in Armour
 11850 | Slime:1  | Entered Level 1 of the Pits of Slime
 11890 | Lair:5   | Gained mutation: Spells you cast may paralyse nearby
                  | enemies. [demonic ancestry]
 11890 | Lair:5   | Reached XP level 13. HP: 67/99 MP: 13/13
 11993 | Lair:5   | Noticed a dire elephant
 12018 | Lair:4   | Killed a dire elephant
 12173 | Lair:5   | Reached skill level 10 in Fighting
 12354 | Lair:5   | Bought a bubbling ruby potion for 27 gold pieces
 12354 | Lair:5   | Bought a scroll of enchant armour for 232 gold pieces
 12496 | Lair:5   | Killed Snorg
 12883 | Lair:5   | Found a runed translucent door.
 12884 | Lair:5   | Noticed a fire dragon
 12924 | Lair:5   | Reached skill level 13 in Maces & Flails
 12927 | Lair:5   | Paralysed by a hornet for 3 turns
 13212 | Lair:5   | Paralysed by a hornet for 2 turns
 13250 | Lair:5   | Found the +6 arbalest "Damnation" {damnation}
 13484 | Lair:5   | Noticed a fire dragon
 13491 | Lair:5   | Killed a fire dragon
 13492 | Lair:5   | Gained mutation: You have hooves in place of feet. [demonic
                  | ancestry]
 13492 | Lair:5   | Reached XP level 14. HP: 115/115 MP: 14/14
 13880 | D:11     | Found a flickering gateway to a bazaar.
 13886 | Bazaar   | Entered a bazaar
 13886 | Bazaar   | Found Leet Rue's Armour Emporium.
 13897 | Bazaar   | Found Wemufo's Distillery.
 13900 | Bazaar   | Found Hiabresm's Distillery.
 13910 | Bazaar   | Found Zemac's Jewellery Shop.
 13969 | Bazaar   | Bought a potion of heal wounds for 45 gold pieces
 13969 | Bazaar   | Bought a potion of heal wounds for 45 gold pieces
 13969 | Bazaar   | Bought a potion of heal wounds for 45 gold pieces
 13977 | Bazaar   | Bought a potion of heal wounds for 65 gold pieces
 14106 | Bazaar   | Bought +0 fire dragon scales for 720 gold pieces
 14106 | Bazaar   | Bought a +0 troll leather armour for 180 gold pieces
 14268 | D:11     | Found Qeakkuxio's Armour Shop.
 14570 | D:11     | Found Irullo's Antique Weapon Shoppe.
 14673 | D:11     | Reached skill level 14 in Maces & Flails
 14871 | D:11     | Identified the +1 leather armour of Gozag's Reproof {Will-
                  | Str+6 Int+2}
 14885 | D:11     | Noticed a storm dragon
 14890 | D:11     | Killed a storm dragon
 15111 | D:11     | Reached skill level 15 in Maces & Flails
 15403 | D:12     | Found a large runed translucent door.
 15680 | D:12     | Found a large runed translucent door.
 15680 | D:12     | Noticed Nabski's ghost (journeyman TeFE)
 15729 | D:12     | Identified the +4 war axe of Laceration {heavy, rF- rN+
                  | Stlth+}
 15782 | D:12     | Found a staircase to the Orcish Mines.
 15992 | D:12     | Killed Nabski's ghost
 15997 | D:12     | Identified the +6 buckler of Zamixal {Dex+5}
 16057 | Orc:1    | Entered Level 1 of the Orcish Mines
 16057 | Orc:1    | Noticed an orc warlord
 16069 | Orc:1    | Killed an orc warlord
 16414 | Orc:1    | Noticed Fannar
 16423 | Orc:1    | Killed Fannar
 16648 | Orc:1    | Noticed Nergalle
 16657 | Orc:1    | Killed Nergalle
 16658 | Orc:1    | Reached skill level 16 in Maces & Flails
 16774 | Orc:2    | Entered Level 2 of the Orcish Mines
 17308 | Orc:2    | Found Abyc's Jewellery Shop.
 17804 | Orc:2    | Found Didisa's General Store.
 17806 | Orc:2    | Bought the ring of the Hare {EV+10} for 1664 gold pieces
 17806 | Orc:2    | Found the ring of the Hare {EV+10}
 17830 | Orc:2    | Found Kikimyit's Assorted Antiques.
 17832 | Orc:2    | Found Niovoocs's Assorted Antiques.
 17840 | Orc:2    | Bought a scroll of enchant weapon for 195 gold pieces
 17942 | Orc:2    | Found a staircase to the Elven Halls.
 18211 | Spider:1 | Entered Level 1 of the Spider Nest
 18277 | Spider:1 | Reached XP level 15. HP: 120/120 MP: 15/15
 18323 | Spider:1 | Reached skill level 17 in Maces & Flails
 18465 | Spider:1 | Reached skill level 1 in Evocations
 19760 | Spider:2 | Reached skill level 5 in Throwing
 20696 | Spider:3 | Reached skill level 5 in Evocations
 21329 | Orc:2    | Bought a ring of see invisible for 195 gold pieces
 21614 | Spider:3 | Noticed Donald
 21636 | Spider:3 | Killed Donald
 22606 | Spider:4 | Entered Level 4 of the Spider Nest
 22682 | Spider:4 | Mangled by a wolf spider

Illustrated notes

Levels and vault maps discovered:
D:1:      spicycebolla_green_bress_n_ham, layout_basic, minmay_vboxes
D:2:      layout_loops_ring, basic_altar, uniq_robin
D:3:      layout_basic, led_sif_pool, mainiacjoe_overflow_divided_tiny,
          serial_shops, shop, nicolae_shop_behind_doors, nicolae_lakefront_shop,
          minmay_pentangle, uniq_grinder
D:4:      layout_gridville, mainiacjoe_overflow_boulevard,
          gammafunk_ghost_arena, serial_shops, nicolae_shop_crystal,
          nicolae_stop_n_shop_2, shop, kennysheep_little_box,
          kennysheep_mini_moat
D:5:      layout_rooms, minmay_temple_entry_glass, corexii_corridor_pit,
          hangedman_decor_points, uniq_ijyb
D:6:      layout_cave_pools, cheibrodos_sewer_entry_bend
D:7:      layout_rooms, nicolae_tso_swordbearing_angel,
          mainiacjoe_overflow_six_doors_small
D:8:      layout_rooms, grunt_dithmenos_shadows, nicolae_uskayaw_suspiria,
          serial_shops, shop
D:9:      layout_loops_corners, lemuel_crystal_altar, lemuel_doored_altar
D:10:     layout_long_grid, erik_lair_orcish_takeover, serial_shops,
          nicolae_lakefront_shop
D:11:     nicolae_hexawheel, layout_loops_cross, serial_shops, bzr_entry_safe,
          shop, nicolae_shop_window_shopping, minmay_misc_feat_tower,
          kennysheep_flooded_box
D:12:     layout_rooms, orc_0_dummy, ebering_ghost_disaster_area
Lair:1:   layout_gridlike, st_stairs_5, grunt_megastairs_4
Lair:2:   layout_cave_pods, minmay_shoals_entry_beasts, dummy_spider_entry
Lair:3:   layout_regular_city, grunt_megastairs_3
Lair:4:   layout_gridlike, slime_entry_1, basic_altar, serial_bayou_pond_a
Lair:5:   guppyfry_lair_end_dragon, layout_big_grid, wormcave, uniq_snorg
Spider:1: layout_spider_delve
Spider:2: layout_spider_delve
Spider:3: layout_spider_delve, uniq_donald
Spider:4: spider_rune_water
Slime:1:  layout_caves
Orc:1:    layout_caves, uniq_nergalle, uniq_fannar
Orc:2:    st_orc_elflike, layout_diamond_mine

Skill      XL: |  1  2  3  4  5  6  7  8  9 10 11 12 13 14 15 |
---------------+----------------------------------------------+-----
Stealth        | 1 2 |  2.0
Fighting       | 3 4 8 12 | 12.0
Maces & Flails | 3 4 6 8 9 12 13 16 17 | 17.0
Armour         | 3 4 10 | 10.0
Dodging        | 5 |  5.0
Shields        | 2 9 10 | 10.0
Throwing       | 8 |  8.8
Evocations     | 6 |  6.4
Short Blades   | |  2.6

Action                     |  1- 3 |  4- 6 |  7- 9 | 10-12 | 13-15 || total
---------------------------+-------+-------+-------+-------+-------++-------
  Melee: Rapier            |    18 |       |       |       |       ||    18
         Flail             |    91 |    90 |   175 |       |       ||   356
         Punch             |     2 |     2 |     4 |       |       ||     8
         Unarmed           |       |       |     6 |       |       ||     6
         Whip              |       |       |    92 |       |       ||    92
         Morningstar       |       |       |    42 |   362 |   734 ||  1138
         Kick              |       |       |       |       |   178 ||   178
 Invoke: Potion Petition   |       |       |       |     1 |     3 ||     4
         Call Merchant     |       |       |       |       |     1 ||     1
  Evoke: Wand              |       |       |       |     2 |     3 ||     5
    Use: Scroll            |     7 |     7 |     6 |    10 |     3 ||    33
         Potion            |       |     4 |       |     7 |     5 ||    16
   Stab: Sleeping          |     2 |     8 |     4 |       |       ||    14
         Distracted        |       |       |     3 |     4 |     5 ||    12
         Invisible         |       |       |       |     2 |    11 ||    13
         Paralysed         |       |       |       |       |     1 ||     1
 Armour: Leather armour    |    54 |    36 |    45 |       |       ||   135
         Ring mail         |       |       |    85 |       |       ||    85
         Scale mail        |       |       |    33 |   216 |   383 ||   632
  Dodge: Dodged            |    86 |    57 |   218 |   265 |   513 ||  1139
  Block: Kite shield       |       |       |    15 |   314 |   355 ||   684
         Buckler           |       |       |       |       |   436 ||   436
         Reflection        |       |       |       |       |    13 ||    13

Table legend: (Time is in decaauts)
 A = Elapsed time spent in this place.
 B = Non-inter-level travel time spent in this place.
 C = Inter-level travel time spent in this place.
 D = Time resting spent in this place.
 E = Time spent auto-exploring this place.
 F = Levels seen in this place.
 G = Mean time per level.
                   A        B        C        D        E       F      G
               +--------+--------+--------+--------+--------+-----+--------+
         Total |  23044 |  21714 |   1330 |   2809 |  14898 |  26 |  886.3 |
       Dungeon |  10227 |   9695 |    532 |    650 |   7164 |  12 |  852.2 |
          Lair |   6089 |   5722 |    367 |    515 |   4083 |   5 | 1217.8 |
   Spider Nest |   4124 |   3967 |    157 |    890 |   2506 |   4 | 1031.0 |
    Slime Pits |      1 |      1 |      0 |      0 |      0 |   1 |    1.0 |
  Orcish Mines |   2184 |   1912 |    272 |    653 |    964 |   2 | 1092.0 |
        Bazaar |    237 |    237 |      0 |    100 |     58 |   1 |  237.0 |
         Sewer |    178 |    178 |      0 |      0 |    122 |   1 |  178.0 |
               +--------+--------+--------+--------+--------+-----+--------+

Top non-repeatable levels by time:
  Lair:5: 1911 daAuts
Spider:3: 1770 daAuts
   Orc:2: 1401 daAuts
     D:3: 1394 daAuts
    D:11: 1327 daAuts
  Lair:4: 1196 daAuts
Spider:1: 1182 daAuts
Spider:2: 1158 daAuts
  Lair:2: 1133 daAuts
  Lair:3: 1015 daAuts
     D:1: 898 daAuts
    D:10: 891 daAuts
     D:2: 885 daAuts
     D:4: 883 daAuts
     D:9: 883 daAuts
